 Dungeon Sprint DCSS version 0.31-a0-4-gefa6de2278 (webtiles) character file.

Game seed: 12608744155645280337

111 sircluck the Chopper (level 4, -25/45 HPs)
             Began as a Hill Orc Fighter on May 4, 2023.
             Annihilated by an ogre
             ... wielding a +0 giant club
              (27 damage)
             ... in the Dungeon (Sprint IX: "|||||||||||||||||||||||||||||").
             The game lasted 00:00:30 (138 turns).

sircluck the Chopper (Hill Orc Fighter)              Turns: 138, Time: 00:00:31

Health: -25/45     AC:  7    Str: 20    XL:     4   Next: 92%
Magic:  4/4        EV: 10    Int:  8    God:
Gold:   0          SH:  5    Dex: 10    Spells: 3/3 levels left

rFire   . . .        a - +0 war axe
rCold   . . .        c - +0 buckler
rNeg    . . .        b - +0 scale mail
rPois   .            (no helmet)
rElec   .            (no cloak)
rCorr   .            (no gloves)
SInv    .            (no boots)
Will    .....        (no amulet) Stlth
                     (no ring)
HPRegen 0.27/turn    (no ring)
MPRegen 0.09/turn

%: no teleportation
@: no status effects
A: no striking features
a: no special abilities


You were in the Dungeon.
You visited 1 branch

Inventory:

Hand Weapons
 a - a +0 war axe (weapon)
Armour
 b - a +0 scale mail (worn)
 c - a +0 buckler (worn)
Scrolls
 j - a scroll of blinking
Potions
 d - a potion of might
 e - a potion of curing
 g - a potion of haste
 h - 2 potions of magic
 i - a potion of berserk rage


   Skills:
 + Level 6.6 Fighting
 + Level 6.7 Axes
 + Level 6.0 Armour
 + Level 1.5 Dodging
 + Level 5.3 Shields


You had 3 spell levels left.
You didn't know any spells.
Your spell library was empty.

Dungeon Overview and Level Annotations

Branches:
Dungeon (1/1)

Altars:


Message History

You feel stronger. x2
You hit the scorpion.
The scorpion is lightly wounded.
The scorpion stings you. The scorpion closely misses you.
You closely miss the scorpion.
The scorpion is lightly wounded.
The scorpion closely misses you. The scorpion stings you.
You barely miss the scorpion.
The scorpion is lightly wounded.
You block the scorpion's attack.
You closely miss the scorpion.
The scorpion is lightly wounded.
The scorpion barely misses you. You block the scorpion's attack.
You barely miss the scorpion.
The scorpion is lightly wounded.
The scorpion stings you but does no damage.
You slash the scorpion!
The scorpion is severely wounded.
The scorpion stings you.
* * * LOW HITPOINT WARNING * * *
You block the scorpion's attack.
You slash the scorpion!
You kill the scorpion!
Your Fighting skill increases to level 6!
Your Axes skill increases to level 6!
Your Armour skill increases to level 6!
Your Dodging skill increases to level 1!
Your Shields skill increases to level 5!
You have reached level 4!
You slash the ogre!
The ogre is moderately wounded.
The ogre barely misses you.
You hit the ogre but do no damage.
The ogre is moderately wounded.
The ogre hits you with a +0 giant club!
* * * LOW HITPOINT WARNING * * *
You slash the ogre!
The ogre is severely wounded.
The ogre hits you with a +0 giant club!!
Ouch! That really hurt!
You die...

▓▓▓
▓@▓
▓O▓
▓s▓
▓.▓
▓†▓
▓.▓
▓.▓
▓.▓
▓.▓


You could see an ogre and a scorpion.

Vanquished Creatures
  A scorpion (D)
  A howler monkey (D)
  An adder (D)
  An endoplasm (D)
  A hobgoblin (D)
  A quokka (D)
  A ball python (D)
  A rat (D)
8 creatures vanquished.

Notes
Turn   | Place    | Note
-------+----------+-------------------------------------------
     0 | D        | sircluck the Hill Orc Fighter began the quest for the Orb.
     0 | D        | Reached XP level 1. HP: 19/19 MP: 1/1
    56 | D        | Noticed a howler monkey
    56 | D        | Noticed a scorpion
    56 | D        | Noticed an ogre
    56 | D        | Noticed a scorpion
    64 | D        | Reached XP level 2. HP: 15/28 MP: 2/2
   128 | D        | Killed a howler monkey
   129 | D        | Reached skill level 5 in Fighting
   129 | D        | Reached skill level 5 in Axes
   129 | D        | Reached skill level 5 in Armour
   129 | D        | Reached XP level 3. HP: 21/37 MP: 3/3
   135 | D        | Killed a scorpion
   136 | D        | Reached skill level 1 in Dodging
   136 | D        | Reached skill level 5 in Shields
   136 | D        | Reached XP level 4. HP: 12/45 MP: 4/4
   137 | D        | HP: 2/45 [ogre/+0 giant club (11)]
   138 | D        | Annihilated by an ogre

Illustrated notes

Levels and vault maps discovered:
D:        linesprint [early_d, line_temple, items_1, d_10, items_2, lair_1,
          lair_end, items_3, orc_1, orc_end, items_4, d_15, swamp_1, shoals_1,
          snake_1, spider_1, d_20, vaults_1, items_5, swamp_end, shoals_end,
          snake_end, spider_end, vaults_end, d_27, items_6, zot_1, zot_end,
          crypt_end, forest_end, elf_end, slime_end, tomb_end, abyss_end,
          pan_hell_end]

Skill      XL: |  1  2  3 |
---------------+----------+-----
Fighting       | 4 5 6 |  6.6
Axes           | 3 5 6 |  6.7
Armour         | 4 5 6 |  6.0
Shields        | 4 5 |  5.3
Dodging        | 1 |  1.5

Action                     |  1- 3 |  4- 6 || total
---------------------------+-------+-------++-------
  Melee: War axe           |    40 |     3 ||    43
    Use: Potion            |     1 |       ||     1
 Armour: Scale mail        |    24 |       ||    24
  Dodge: Dodged            |    37 |     1 ||    38
  Block: Buckler           |    14 |       ||    14

Table legend: (Time is in decaauts)
 A = Elapsed time spent in this place.
 B = Non-inter-level travel time spent in this place.
 C = Inter-level travel time spent in this place.
 D = Time resting spent in this place.
 E = Time spent auto-exploring this place.
 F = Levels seen in this place.
 G = Mean time per level.
                   A        B        C        D        E       F      G
               +--------+--------+--------+--------+--------+-----+--------+
         Total |    151 |    151 |      0 |      0 |      3 |   1 |  151.0 |
       Dungeon |    151 |    151 |      0 |      0 |      3 |   1 |  151.0 |
               +--------+--------+--------+--------+--------+-----+--------+

Top non-repeatable levels by time:
       D: 151 daAuts
